 Dungeon Crawl Stone Soup version 0.29-a0-813-g4a14ea37d6 (webtiles) character file.

Game seed: 14177858256977770255

1416 croobank the Sneak (level 8, -24/54 HPs)
             Began as an Octopode Fire Elementalist on July 4, 2022.
             Annihilated by a two-headed ogre
             ... wielding a +0 giant spiked club
              (27 damage)
             ... on level 6 of the Dungeon.
             The game lasted 00:13:19 (6278 turns).

croobank the Sneak (Octopode Fire Elementalist)     Turns: 6278, Time: 00:13:19

Health: -24/54     AC:  1    Str:  7    XL:     8   Next: 71%
Magic:  7/23       EV: 14    Int: 20    God:
Gold:   258        SH:  0    Dex: 12    Spells: 5/15 levels left

rFire   . . .      SeeInvis .   a - +3 dagger (elec)
rCold   . . .      Faith    .   (no shield)
rNeg    . . .      Spirit   .   (helmet restricted)
rPois   .          Reflect  .   (no amulet)
rElec   .          Harm     .   i - ring of flight
rCorr   .          Rampage  .   x - ring of magical power
Will    .....                   (no ring)
Stlth   ++++......              (no ring)
HPRegen 0.18/turn               (no ring)
MPRegen 0.18/turn               (no ring)
                                (no ring)
                                (no ring)

@: flying, very slightly contaminated
A: almost no armour, amphibious, 8 rings, camouflage 1, gelatinous body 1,
(nimble swimmer 1), tentacles
a: no special abilities


You were on level 6 of the Dungeon.
You visited 1 branch of the dungeon, and saw 6 of its levels.

You collected 258 gold pieces.

Inventory:

Hand Weapons
 a - a +3 dagger of electrocution (weapon)
 b - a +0 whip
 e - a +0 dagger
 q - a +0 hand axe
 t - a +1 rapier of holy wrath
 A - a +1 dagger of venom
 F - a +0 long sword
 G - a +0 quarterstaff
Missiles
 c - 68 stones
 j - 13 poisoned darts
 l - 6 javelins
 r - 6 datura-tipped darts
Magical Staves
 p - a staff of conjuration
Jewellery
 d - a +4 ring of evasion
 i - a ring of flight (left tentacle)
 x - a ring of magical power (right tentacle)
Wands
 w - a wand of polymorph (13)
Scrolls
 m - 2 scrolls of fog
 o - a scroll of immolation
 y - 2 scrolls of teleportation
 z - a scroll of poison {unknown}
 C - a scroll of magic mapping {unknown}
 H - a scroll of amnesia {unknown}
Potions
 f - 2 potions of magic
 g - 2 potions of curing
 h - 3 potions of heal wounds {unknown}
 k - 2 potions of degeneration {unknown}
 n - 3 potions of attraction {unknown}
 s - 4 potions of mutation {unknown}
 u - a potion of brilliance {unknown}
 v - a potion of lignification {unknown}
 B - 2 potions of berserk rage {unknown}
 D - 2 potions of flight {unknown}
 E - a potion of ambrosia {unknown}


   Skills:
 + Level 3.7 Fighting
 + Level 4.6 Dodging
 + Level 6.6 Stealth
 + Level 4.4 Spellcasting
 + Level 4.3 Conjurations
 + Level 5.1 Fire Magic


You had 5 spell levels left.
You knew the following spells:

 Your Spells              Type           Power      Damage    Failure   Level
a - Foxfire               Conj/Fire      92%        2x1d8     1%          1
b - Scorch                Fire           50%        2d7       2%          2
c - Flame Wave            Conj/Fire      23%        2d7       17%         4
d - Mephitic Cloud        Conj/Pois/Air  10%        N/A       21%         3

Your spell library contained the following spells:

 Spells                   Type           Power      Damage    Failure   Level
 Magic Dart               Conj           84%        1d7       2%          1
 Conjure Flame            Conj/Fire      23%        6-21      5%          3
 Beastly Appendage        Tmut           8%         N/A       12%         1
 Inner Flame              Hex/Fire       14%        N/A       13%         3
 Call Imp                 Summ           4%         N/A       19%         2
 Wereblood                Tmut           4%         N/A       19%         2
 Spider Form              Tmut/Pois      4%         N/A       36%         3


Dungeon Overview and Level Annotations

Branches:
Dungeon (6/15)             Temple (0/1) D:5

Altars:
Nemelex Xobeh

Annotations:
D:5 1 runed translucent door, Crazy Yiuf


Innate Abilities, Weirdness & Mutations

You cannot wear most types of armour.
You are amphibious.
You can wear up to eight rings at the same time.
Your skin changes colour to match your surroundings (Stealth+).
Your rubbery body absorbs attacks. (AC +1, EV +1)
((You are camouflaged when in or above water. (Stealth+)))
You have tentacles for arms and can constrict up to eight enemies at once.


Message History

Aiming: Mephitic Cloud (dangerous; 21% risk of failure)
Press: ? - help, Shift-Dir - straight line You miscast Mephitic Cloud.
You are very lightly contaminated with residual magic.
You feel odd.
You are poisoned.
You feel sick.
A jelly comes into view.
Okay, then.
Casting: Mephitic Cloud (dangerous; 21% risk of failure)
Confirm with . or Enter, or press ? or * to list all spells.
Aiming: Mephitic Cloud (dangerous; 21% risk of failure)
Press: ? - help, Shift-Dir - straight line, f - two-headed ogre
Aim: a two-headed ogre, wielding a +0 giant spiked club and a +0 giant club (chance to affect: 53%)
The ball explodes into a vile cloud!
The stinking cloud engulfs the two-headed ogre but does no damage.
The jelly quivers.
You feel sick.
The two-headed ogre is engulfed in noxious fumes.
Casting: Mephitic Cloud (dangerous; 21% risk of failure)
Confirm with . or Enter, or press ? or * to list all spells.
Flames lash the two-headed ogre.
The two-headed ogre is lightly wounded.
The two-headed ogre's fire resistance burns away.
You feel sick.
You are no longer poisoned.
Casting: Scorch (safe; 2% risk of failure)
Confirm with . or Enter, or press ? or * to list all spells.
Flames lash the two-headed ogre.
The two-headed ogre is burned terribly!
The two-headed ogre is moderately wounded.
Casting: Scorch (safe; 2% risk of failure)
Confirm with . or Enter, or press ? or * to list all spells.
Flames lash the two-headed ogre.
The two-headed ogre is burned terribly!
The two-headed ogre is moderately wounded.
The two-headed ogre hits you with a +0 giant spiked club!!!
Ouch! That really hurt!
* * * LOW HITPOINT WARNING * * *
The two-headed ogre hits you with a +0 giant club!!
Ouch! That really hurt!
You die...

.........
#........
#.......#
##.......#
.........#
..>......#
......†..# #####.#
........@##.......
##...#..O..#.###.#
#. #...........#
#.○...#.#####
#J....#'#<..#
.....°.....#.#
............+ #
.............#
.............#


You could see a two-headed ogre (combustible) and a jelly.

Vanquished Creatures
  Eustachio (D:5)
  An ice beast (D:5)
  A sky beast (D:5)
  3 ogres (D:5)
  2 phantoms (D:5)
  A necrophage (D:4)
  2 scorpions (D:5)
  2 howler monkeys
  4 hounds
  2 orc priests (D:5)
  A gnoll bouda (D:4)
  2 iguanas
  2 orc wizards
  4 adders
  4 gnolls
  An ufetubus (D:5)
  A worm (D:4)
  6 orcs
  8 bats
  4 endoplasms
  5 giant cockroaches
  4 goblins
  8 hobgoblins
  2 quokkas (D:5)
  3 ball pythons
  7 kobolds
  8 rats
89 creatures vanquished.

Vanquished Creatures (others)
  158 foxfires
158 creatures vanquished.

Grand Total: 247 creatures vanquished

Notes
Turn   | Place    | Note
-------+----------+-------------------------------------------
     0 | D:1      | croobank the Octopode Fire Elementalist began the quest for
                  | the Orb.
     0 | D:1      | Reached XP level 1. HP: 11/11 MP: 3/3
   145 | D:1      | Found a faded altar of an unknown god.
   307 | D:1      | Reached XP level 2. HP: 15/17 MP: 5/5
   317 | D:1      | Reached skill level 3 in Stealth
   333 | D:1      | Learned a level 2 spell: Scorch
   612 | D:1      | Reached XP level 3. HP: 21/21 MP: 3/6
   683 | D:1      | You fall into a shaft and drop 1 floor!
  2042 | D:3      | Reached XP level 4. HP: 25/27 MP: 0/7
  2428 | D:3      | Found a sparkling altar of Nemelex Xobeh.
  3058 | D:4      | Reached skill level 1 in Fighting
  3058 | D:4      | Reached XP level 5. HP: 22/33 MP: 8/8
  3216 | D:4      | Reached skill level 4 in Stealth
  3502 | D:3      | Reached XP level 6. HP: 34/39 MP: 10/10
  4413 | D:5      | Entered Level 5 of the Dungeon
  4574 | D:5      | Reached XP level 7. HP: 45/45 MP: 12/12
  4628 | D:5      | Noticed Eustachio
  4974 | D:5      | Reached skill level 5 in Stealth
  5393 | D:5      | Killed Eustachio
  5394 | D:5      | Reached XP level 8. HP: 52/52 MP: 14/14
  5495 | D:5      | Reached skill level 6 in Stealth
  5663 | D:5      | Found a staircase to the Ecumenical Temple.
  5669 | D:5      | Learned a level 4 spell: Flame Wave
  5697 | D:5      | Reached skill level 5 in Fire Magic
  5794 | D:5      | Found a runed translucent door.
  5795 | D:5      | Noticed Crazy Yiuf
  6259 | D:6      | Learned a level 3 spell: Mephitic Cloud
  6271 | D:6      | Noticed a two-headed ogre
  6278 | D:6      | Annihilated by a two-headed ogre

Illustrated notes

Levels and vault maps discovered:
D:1:      lemuel_arrival_lava_pool, layout_loops_ring,
          dilly_ecumenical_altar_fadedgnrine, kennysheep_another_room,
          minmay_split_cup_small
D:2:      layout_rooms
D:3:      layout_basic, nemelex_dance_club_becter,
          amcnicky_mini_rare_corridor_liquid
D:4:      layout_loops_ring
D:5:      nicolae_cairo_tiling_large, layout_cave_pods,
          minmay_temple_entry_from_below_a, uniq_eustachio,
          uniq_crazy_yiuf_cottage
D:6:      layout_basic, st_stairs_12

Skill      XL: |  1  2  3  4  5  6  7  8 |
---------------+-------------------------+-----
Stealth        | 3 4 5 6 |  6.6
Fighting       | 1 2 3 |  3.7
Conjurations   | 2 3 4 |  4.3
Dodging        | 3 4 |  4.6
Spellcasting   | 3 4 |  4.4
Fire Magic     | 4 5 |  5.1

Action                   |  1- 3 |  4- 6 |  7- 9 || total
-------------------------+-------+-------+-------++-------
Melee: Whip              |     9 |       |       ||     9
       Constrict         |     4 |     2 |     1 ||     7
       Unarmed           |     1 |       |       ||     1
       Dagger            |    10 |    14 |     8 ||    32
       Tentacles         |     2 |     1 |     1 ||     4
 Cast: Foxfire           |    42 |    30 |    29 ||   101
       Scorch            |    11 |    33 |    39 ||    83
       Mephitic Cloud    |       |       |     2 ||     2
  Use: Scroll            |     6 |     2 |     1 ||     9
       Potion            |       |     1 |     1 ||     2
 Stab: Distracted        |     1 |       |       ||     1
       Sleeping          |       |     1 |       ||     1
Armor: Skin              |     7 |       |     2 ||     9
Dodge: Dodged            |    25 |    13 |    15 ||    53

Table legend: (Time is in decaauts)
 A = Elapsed time spent in this place.
 B = Non-inter-level travel time spent in this place.
 C = Inter-level travel time spent in this place.
 D = Time resting spent in this place.
 E = Time spent auto-exploring this place.
 F = Levels seen in this place.
 G = Mean time per level.
                   A        B        C        D        E       F      G
               +--------+--------+--------+--------+--------+-----+--------+
         Total |   6280 |   6080 |    200 |   1505 |   3725 |   6 | 1046.7 |
       Dungeon |   6280 |   6080 |    200 |   1505 |   3725 |   6 | 1046.7 |
               +--------+--------+--------+--------+--------+-----+--------+

Top non-repeatable levels by time:
     D:5: 1729 daAuts
     D:1: 1410 daAuts
     D:3: 1365 daAuts
     D:4: 1052 daAuts
     D:2: 587 daAuts
     D:6: 135 daAuts
